 Dungeon Crawl Stone Soup version 0.29.1-15-g9cfb28693d (webtiles) character file.

Game seed: 2865499007067776008

2303 javelincjr the Trooper (level 9, 0/66 HPs)
             Began as a Djinni Conjurer on Mar 10, 2023.
             Was a Follower of Makhleb.
             Killed by miscasting Iskenderun's Mystic Blast (13 damage)
             ... on level 7 of the Dungeon.
             The game lasted 00:20:27 (9129 turns).

javelincjr the Trooper (Djinni Conjurer)            Turns: 9129, Time: 00:20:28

Health: 0/66       AC:  6    Str: 10    XL:     9   Next: 67%
Gold:   276        EV: 15    Int: 21    God:    Makhleb [*.....] SH:  0 Dex: 17

rFire   + + .      SeeInvis .   D - +4 mace (drain)
rCold   x . .      Faith    .   (no shield)
rNeg    . . .      Spirit   .   a - +0 robe
rPois   ∞          Reflect  .   (no helmet)
rElec   .          Harm     .   v - +1 cloak
rCorr   .          Rampage  .   l - +1 Delatra's gloves {ID++}
Will    .....                   (boots unavailable)
Stlth   +++.......              (no amulet)
HPRegen 0.21/turn               I - +6 ring of dexterity
MPRegen 0.00/turn               (no ring)

@: flying, very slightly contaminated
A: sickness immunity, fire resistance 2, cold vulnerability 1, float, innate
caster, HP casting, extra vitality 1
a: Renounce Religion


You were on level 7 of the Dungeon.
You worshipped Makhleb.
Makhleb was aware of your devotion.
You visited 1 branch of the dungeon, and saw 7 of its levels.

You collected 380 gold pieces.
You spent 104 gold pieces at shops.

Inventory:

Hand Weapons
 g - a +0 dagger of venom
 j - a +2 trident of pain
 u - a +4 quarterstaff of chaos
 D - a +4 mace of draining (weapon)
Missiles
 h - 2 throwing nets
Armour
 a - a +0 robe (worn)
 l - the +1 Delatra's gloves (worn) {ID++}
   (You found it on level 2 of the Dungeon)

   It heals its wearer when they drink unknown potions.
   It restores its wearer's MP when they read unknown scrolls.
 v - a +1 cloak (worn)
 y - a +2 kite shield
Jewellery
 I - a +6 ring of dexterity (left hand)
 J - a ring of positive energy
Wands
 f - a wand of mindburst (10)
 w - a wand of flame (26)
 F - a wand of polymorph (12)
 G - a wand of digging (5)
Scrolls
 b - 2 scrolls of fear
 c - a scroll of identify
 i - a scroll of magic mapping
 k - a scroll of brand weapon
 n - 2 scrolls of butterflies
 q - 2 scrolls of summoning
 x - 2 scrolls of teleportation
 E - a scroll of silence
 K - a scroll of blinking
Potions
 d - 5 potions of curing {unknown}
 e - 2 potions of haste {unknown}
 m - a potion of magic {unknown}
 o - 2 potions of heal wounds {unknown}
 p - 3 potions of flight {unknown}
 r - 2 potions of ambrosia {unknown}
 s - a potion of lignification {unknown}
 t - a potion of mutation {unknown}
 z - a potion of brilliance {unknown}
 A - a potion of cancellation {unknown}
 B - 5 potions of degeneration {unknown}
 C - 2 potions of invisibility {unknown}


   Skills:
 * Level 6.2 Fighting
 + Level 3.7 Armour
 + Level 6.0 Dodging
 + Level 4.9 Stealth
 + Level 3.4 Shields
 + Level 5.1 Spellcasting


You couldn't memorise any spells.
You knew the following spells:

 Your Spells              Type           Power      Damage    Failure   Level
a - Magic Dart            Conj           100%       1d8       1%          1
b - Searing Ray           Conj           52%        2d6       1%          2
c - Dazzling Flash        Conj/Hex       52%        N/A       4%          3
d - Fulminant Prism       Conj/Hex       13%        3d9       13%         4
e - Iskenderun's Mystic   Conj/Tloc      26%        2d7       13%         4
f - Foxfire               Conj/Fire      100%       2x1d9     1%          1
g - Passwall              Tmut/Erth      21%        N/A       1%          2
h - Blink                 Tloc           52%        N/A       1%          2
i - Cause Fear            Hex            13%        N/A       13%         4
Your spell library was empty.

Dungeon Overview and Level Annotations

Branches:
Dungeon (7/15)
 Temple: D:4-7

Altars:
Makhleb
Uskayaw

Shops:
D:2 (   D:6 ?


Innate Abilities, Weirdness & Mutations

You are immune to sickness and miasma.
You are immune to poison.
Your flesh is very heat resistant. (rF++)
You are vulnerable to cold. (rC-)
You float through the air rather than walking.
You learn spells naturally, not from books.
Your magical power is your life essence.
You have superior vitality. (+4 MHP)


Message History

You conjure some foxfire!
The foxfire hits the sky beast.
The sky beast is moderately wounded.
The foxfire hits the sky beast.
The sky beast is moderately wounded.
The foxfire hits the sky beast.
The sky beast is heavily wounded.
You conjure some foxfire!
The foxfire hits the sky beast but does no damage.
The sky beast is heavily wounded.
You conjure some foxfire!
The foxfire hits the sky beast but does no damage.
The sky beast is heavily wounded.
The foxfire hits the sky beast.
The sky beast is heavily wounded.
The sky beast closely misses you.
You are too injured to fight recklessly!
You are too injured to fight recklessly!
You are too injured to fight recklessly!
You miss the sky beast.
The sky beast is heavily wounded.
The foxfire hits the sky beast.
The sky beast is severely wounded.
The foxfire hits the sky beast.
The sky beast is almost dead.
The sky beast misses you.
You closely miss the sky beast.
The sky beast is almost dead.
The sky beast hits you. The sky beast shocks you.
The sky beast barely misses you.
You barely miss the sky beast.
The sky beast is almost dead.
The sky beast hits you. The sky beast shocks you.
* * * LOW HITPOINT WARNING * * *
You are too injured to fight recklessly!
Casting: Foxfire (safe; 1% risk of failure)
Confirm with . or Enter, or press ? or * to list all spells.
You miscast Iskenderun's Mystic Blast.
You are very lightly contaminated with residual magic.
A wave of violent energy washes through your body!
You die...

....##.........?
......................
.................##..##
.......##....##...#...##
..$....##..........#...#
....##..##.###.........##
.....#......## #........#
#...).o......###.......#
)).)))..#..)...Y@..)).<###
##......##...............##
##......#.....#...........#
#.............##.......#..######
#............####......#.......
.............##.#......#....>####
.)...........##.....#............
....................##.....#.#.#.
...##..#............###..........


You could see a sky beast.

Vanquished Creatures
  A wyvern (D:6)
  An orc warrior (D:7)
  A sky beast (D:4)
  An ice beast (D:6)
  2 ogres (D:6)
  2 centaurs (D:6)
  A phantom (D:5)
  A bullfrog (D:6)
  A necrophage (D:5)
  3 scorpions
  4 wights (D:7)
  6 killer bees (D:6)
  2 electric eels (D:3)
  2 howler monkeys
  3 jellies
  A hound (D:4)
  2 orc priests
  Crazy Yiuf (D:3)
  An orc wizard (D:7)
  4 iguanas
  5 adders
  4 gnolls
  2 shadow imps
  2 white imps (D:6)
  2 worms (D:4)
  2 dart slugs
  20 orcs
  9 ball pythons
  6 endoplasms
  2 giant cockroaches
  8 hobgoblins
  2 jackals (D:1)
  6 kobolds
  A quokka (D:5)
  5 bats
  3 frilled lizards
  5 goblins
  4 rats
128 creatures vanquished.

Vanquished Creatures (others)
  167 foxfires
  12 fulminant prisms
  A fungus (D:1)
180 creatures vanquished.

Grand Total: 308 creatures vanquished

Notes
Turn   | Place    | Note
-------+----------+-------------------------------------------
     0 | D:1      | javelincjr the Djinni Conjurer began the quest for the Orb.
     0 | D:1      | javelincjr set off with the following spells memorised:
                  | Magic Dart, Searing Ray, Dazzling Flash, Fulminant Prism,
                  | Iskenderun's Mystic Blast.
     0 | D:1      | Reached XP level 1. HP: 15/15 MP: 0/0
   366 | D:1      | Reached XP level 2. HP: 20/21 MP: 0/0
   794 | D:1      | Reached XP level 3. HP: 13/25 MP: 0/0
   794 | D:1      | Learned a level 1 spell: Foxfire
   986 | D:1      | Found a faded altar of an unknown god.
  1387 | D:1      | Reached XP level 4. HP: 8/31 MP: 0/0
  1999 | D:2      | Found the +1 Delatra's gloves {ID++}
  2263 | D:2      | Found Genuosm's Weapon Shop.
  2377 | D:3      | Reached XP level 5. HP: 30/35 MP: 0/0
  2377 | D:3      | Learned a level 2 spell: Passwall
  2439 | D:3      | Found a runed translucent door.
  2440 | D:3      | Noticed Crazy Yiuf
  2715 | D:3      | Found a transporter.
  3167 | D:3      | Found a transporter.
  3251 | D:3      | Killed Crazy Yiuf
  3252 | D:3      | Reached skill level 1 in Fighting
  3568 | D:3      | Reached XP level 6. HP: 15/43 MP: 0/0
  4803 | D:4      | Noticed a sky beast
  4807 | D:4      | Killed a sky beast
  4808 | D:4      | Reached XP level 7. HP: 39/50 MP: 0/0
  4808 | D:4      | Learned a level 2 spell: Blink
  5111 | D:5      | Entered Level 5 of the Dungeon
  5502 | D:5      | Reached skill level 1 in Armour
  5795 | D:5      | Reached skill level 1 in Shields
  6042 | D:5      | Reached XP level 8. HP: 58/58 MP: 0/0
  6576 | D:6      | Reached skill level 5 in Dodging
  7224 | D:6      | Noticed a wyvern
  7229 | D:6      | Killed a wyvern
  7230 | D:6      | Reached skill level 5 in Fighting
  7230 | D:6      | Reached XP level 9. HP: 60/65 MP: 0/0
  7230 | D:6      | Learned a level 4 spell: Cause Fear
  7552 | D:6      | Found Pitzooci's Magic Scroll Shoppe.
  7654 | D:6      | Bought a scroll of identify for 22 gold pieces
  7654 | D:6      | Bought a scroll of blinking for 82 gold pieces
  8447 | D:6      | Found a burning altar of Makhleb.
  8447 | D:6      | Noticed a balrug
  8450 | D:6      | Noticed an orange demon
  8452 | D:6      | Became a worshipper of Makhleb the Destroyer
  8656 | D:7      | Reached skill level 5 in Spellcasting
  8761 | D:7      | Found a hide-covered altar of Uskayaw.
  9112 | D:7      | Reached * piety under Makhleb
  9129 | D:7      | Killed by miscasting Iskenderun's Mystic Blast

Illustrated notes

Levels and vault maps discovered:
D:1:      heliophobic_arrival_dark_side_of_the_moon, layout_loops_ring,
          shapermc_ecumenical_altar_rom_forum
D:2:      layout_rooms, serial_shops, nicolae_shop_bloodbath_and_beyond,
          minmay_tiny_reverse_x
D:3:      gammafunk_steamed_eel, layout_rooms, kennysheep_generic_room_16,
          uniq_crazy_yiuf_cottage
D:4:      layout_loops_corners, kennysheep_cross_bottleneck, st_stairs_3
D:5:      layout_loops_ring, lemuel_flamethrower_2
D:6:      layout_loops_ring, makhleb_altar_promises_db, serial_shops,
          nicolae_shop_advertising_works [nicolae_subvault_shop_adworks]
D:7:      layout_cave_pools, mainiacjoe_overflow_catwalk,
          minmay_temple_entry_nine_rooms, glass_columns_c

Skill      XL: |  1  2  3  4  5  6  7  8  9 |
---------------+----------------------------+-----
Stealth        | 2 3 4 |  4.9
Dodging        | 3 4 5 6 |  6.0
Fighting       | 2 3 5 6 |  6.2
Spellcasting   | 4 5 |  5.1
Armour         | 1 2 3 |  3.7
Shields        | 1 2 3 |  3.4

Action                   |  1- 3 |  4- 6 |  7- 9 || total
-------------------------+-------+-------+-------++-------
Melee: Trident           |       |    35 |       ||    35
       Quarterstaff      |       |    30 |    47 ||    77
       Mace              |       |       |     8 ||     8
 Cast: Magic Dart        |    56 |    44 |    15 ||   115
       Searing Ray       |     1 |     6 |     2 ||     9
       Fulminant Prism   |       |     4 |     8 ||    12
       Iskenderun's Myst |       |       |    14 ||    14
       Foxfire           |       |       |    99 ||    99
       Cause Fear        |       |       |     1 ||     1
  Use: Scroll            |       |       |    11 ||    11
 Stab: Sleeping          |       |     2 |     2 ||     4
Armor: Robe              |     1 |    23 |    31 ||    55
Dodge: Dodged            |     9 |    44 |    79 ||   132
